 Dungeon Crawl Stone Soup version 0.30.1 (webtiles) character file.

Game seed: 14776168485247062991

795 Graphine the Chopper (level 7, 0/61 HPs)
             Began as a Hill Orc Fighter on July 5, 2023.
             Was an Initiate of Ashenzari.
             Slain by a two-headed ogre
             ... wielding a +0 giant club
              (11 damage)
             ... on level 5 of the Dungeon.
             The game lasted 00:16:18 (4564 turns).

Graphine the Chopper (Hill Orc Fighter)             Turns: 4564, Time: 00:16:19

Health: 0/61       AC:  8    Str: 21    XL:     7   Next: 89%
Magic:  9/9        EV: 10    Int:  8    God:    Ashenzari [......]
Gold:   206        SH:  4    Dex: 10    Spells: 3/9 levels left

rFire   . . .        b - staff of earth of Supernal Wisdom (curse) {Bglg, Elem} (curse)
rCold   . . .        c - +0 buckler
rNeg    . . .        r - +1 ring mail
rPois   .            (no helmet)
rElec   .            (no cloak)
rCorr   .            q - +0 pair of gloves
SInv    .            (no boots)
Will    .....        u - amulet of magic regeneration Stlth
                     f - ring of wizardry
HPRegen 0.30/turn    i - ring of wizardry
MPRegen 0.51/turn

%: wizardry (x2)
@: no status effects
A: no striking features
a: Renounce Religion, Shatter the Chains


You were on level 5 of the Dungeon.
You worshipped Ashenzari.
Ashenzari was noncommittal.
You visited 2 branches of the dungeon, and saw 6 of its levels.

You collected 206 gold pieces.

Inventory:

Hand Weapons
 a - a +0 war axe
Armour
 c - a +0 buckler (worn)
 q - a +0 pair of gloves (worn)
 r - a +1 ring mail (worn)
 v - the +1 ring mail of Yphouh {Harm rPois SInv}
   (You took it off a hobgoblin on level 4 of the Dungeon)

   rPois:     It protects you from poison.
   SInv:      It lets you see invisible.
   Harm:      It increases damage dealt and taken.
Magical Staves
 b - the cursed staff of earth of Supernal Wisdom (weapon) {Bglg, Elem}
   (You found it on level 2 of the Dungeon)

   [staff of earth]

   Base accuracy: +5 Base damage: 5 Base attack delay: 1.2 This weapon's minimum
   attack delay (0.6) is reached at skill level 12.
   It falls into the 'Staves' category.
   It is a one-handed weapon.
   It has a curse which improves the following skills: Beguiling: Conjurations,
   Hexes and Translocations.
   Elements:  Fire Magic, Ice Magic, Air Magic and Earth Magic.
Jewellery
 f - a ring of wizardry (left hand)
 i - a ring of wizardry (right hand)
 s - a +5 ring of evasion
 u - an amulet of magic regeneration (around neck)
 x - a +4 ring of slaying
 y - a ring of resist corrosion
Wands
 p - a wand of mindburst (12)
 t - a wand of paralysis (2)
Potions
 d - a potion of might
 e - 2 potions of attraction
 g - 3 potions of heal wounds
 h - a potion of degeneration {unknown}
 k - a potion of cancellation {unknown}
 l - a potion of mutation {unknown}
 m - a potion of berserk rage
 n - a potion of haste
 o - 3 potions of invisibility
 w - 2 potions of curing
 z - a potion of lignification {unknown}
 A - a potion of resistance {unknown}


   Skills:
 + Level 5.3 Fighting
 - Level 6.2 Axes
 * Level 1.5 Staves
 - Level 4.0 Armour
 - Level 4.0 Shields
 + Level 1.5 Spellcasting
 + Level 1.4 Transmutations
 * Level 3.2(3.6) Earth Magic
 * Level 1.7 Evocations


You had 3 spell levels left.
You knew the following spells:

 Your Spells              Type           Power      Damage    Failure   Level
a - Cigotuvi's Dreadful   Necr/Pois/Air  0%         N/A       28%         2
b - Petrify               Tmut/Erth      7%         N/A       52%         4

Your spell library contained the following spells:

 Spells                   Type           Power      Damage    Failure   Level
 Ignite Poison            Fire/Tmut/Pois 1%         N/A       41%         3
 Portal Projectile        Hex/Tloc       0%         N/A       45%         3
 Tukima's Dance           Hex            0%         N/A       45%         3
 Blade Hands              Tmut           1%         N/A       93%         5
 Freezing Cloud           Conj/Ice/Air   0%         6-21      99%         5
 Metabolic Englaciation   Hex/Ice        0%         N/A       99%         5
 Statue Form              Tmut/Erth      4%         N/A       100%        6


Dungeon Overview and Level Annotations

Branches:
Dungeon (5/15)             Temple (1/1) D:4

Altars:
Ashenzari
Cheibriados
Dithmenos
Elyvilon
Fedhas
Gozag
Hepliaklqana
Kikubaaqudgha
Makhleb
Nemelex Xobeh
Okawaru
Uskayaw
Vehumet
Wu Jian
Xom
Yredelemnul
Zin
The Shining One


Message History

Press: ? - help, Dir - move target, f/p - two-headed ogre
Aim: a two-headed ogre, wielding two +0 giant clubs (heavily wounded, paralysed, about 2% to evade the cursed staff of earth of Supernal Wisdom)
The helpless two-headed ogre fails to defend itself.
You hit the two-headed ogre.
The two-headed ogre is heavily wounded.
Hit: b) staff of earth of Supernal Wisdom (curse) {Bglg, Elem} (curse)
Press: ? - help, Dir - move target, f/p - two-headed ogre
Aim: a two-headed ogre, wielding two +0 giant clubs (heavily wounded, paralysed, about 2% to evade the cursed staff of earth of Supernal Wisdom)
The helpless two-headed ogre fails to defend itself.
You hit the two-headed ogre.
The two-headed ogre is severely wounded.
Hit: b) staff of earth of Supernal Wisdom (curse) {Bglg, Elem} (curse)
Press: ? - help, Dir - move target, f/p - two-headed ogre
Aim: a two-headed ogre, wielding two +0 giant clubs (severely wounded, paralysed, about 2% to evade the cursed staff of earth of Supernal Wisdom)
The helpless two-headed ogre fails to defend itself.
You hit the two-headed ogre.
The two-headed ogre is severely wounded.
Hit: b) staff of earth of Supernal Wisdom (curse) {Bglg, Elem} (curse)
Press: ? - help, Dir - move target, f/p - two-headed ogre
Aim: a two-headed ogre, wielding two +0 giant clubs (severely wounded, paralysed, about 2% to evade the cursed staff of earth of Supernal Wisdom)
The helpless two-headed ogre fails to defend itself.
You hit the two-headed ogre!
The two-headed ogre is severely wounded.
The two-headed ogre is no longer paralysed.
The two-headed ogre hits you with a +0 giant club!
The two-headed ogre hits you with a +0 giant club.
Hit: b) staff of earth of Supernal Wisdom (curse) {Bglg, Elem} (curse)
Press: ? - help, Dir - move target, f/p - two-headed ogre
Aim: a two-headed ogre, wielding two +0 giant clubs (severely wounded, about 24% to evade the cursed staff of earth of Supernal Wisdom)
You completely miss the two-headed ogre.
The two-headed ogre is severely wounded.
Unknown command.
Aiming: Mindburst
Press: ? - help, Shift-Dir - straight line, f/p - two-headed ogre
Aim: a two-headed ogre, wielding two +0 giant clubs (severely wounded, chance to affect: 55%)
The two-headed ogre resists with significant effort.
The two-headed ogre hits you with a +0 giant club!!
* * * LOW HITPOINT WARNING * * *
The two-headed ogre hits you with a +0 giant club!
You die...

........ .....[.. .
........
..################
........
.................#
........
#...........###'#########.
#................########.
#.................).....#.
#.......O@..............'.
#.....######............#.
#..... #............#.
#!.... #............#.
....... #............#.
...!... #............#.
....... .#...........#.
....... #####.......##
#.....#.#


You could see a two-headed ogre.

Vanquished Creatures
  A water moccasin (D:3)
  A black bear (D:4)
  2 vampire bats (D:3)
  3 hounds
  2 jellies (D:4)
  Ijyb (D:4)
  3 iguanas
  3 orc wizards (D:3)
  Robin (D:4)
  A gnoll (D:1)
  5 adders
  An ufetubus (D:5)
  A worm (D:2)
  5 dart slugs
  13 orcs
  7 ball pythons
  3 bat skeletons (D:3)
  A bat zombie (D:3)
  6 endoplasms
  3 giant cockroaches
  7 goblins
  17 hobgoblins
  6 kobolds
  6 quokkas
  9 bats
  3 frilled lizards (D:1)
  A rat (D:2)
112 creatures vanquished.

Notes
Turn   | Place    | Note
-------+----------+-------------------------------------------
     0 | D:1      | Graphine the Hill Orc Fighter began the quest for the Orb.
     0 | D:1      | Reached XP level 1. HP: 19/19 MP: 1/1
    53 | D:1      | Reached skill level 3 in Axes
    53 | D:1      | Reached XP level 2. HP: 26/27 MP: 2/2
   283 | D:1      | Reached XP level 3. HP: 33/33 MP: 3/3
   939 | D:2      | You fall into a shaft and drop 2 floors!
   945 | D:4      | Found a basalt altar of Yredelemnul.
  1077 | D:3      | Reached skill level 4 in Axes
  1112 | D:3      | Reached XP level 4. HP: 26/40 MP: 4/4
  1120 | D:3      | HP: 3/60 [something (2)]
  1123 | D:3      | HP: 1/60 [something (2)]
  1413 | D:3      | Reached XP level 5. HP: 47/47 MP: 5/5
  1888 | D:2      | Learned a level 2 spell: Cigotuvi's Dreadful Rot
  1937 | D:2      | Reached skill level 5 in Axes
  2471 | D:3      | Found an ancient bone altar of Kikubaaqudgha.
  2478 | D:3      | Reached skill level 1 in Earth Magic
  2478 | D:3      | Reached XP level 6. HP: 51/53 MP: 6/6
  2804 | D:3      | Noticed a water moccasin
  2809 | D:3      | Killed a water moccasin
  2810 | D:3      | Reached skill level 1 in Spellcasting
  2979 | D:4      | Found a staircase to the Ecumenical Temple.
  2994 | D:4      | Noticed a black bear
  3009 | D:4      | Killed a black bear
  3010 | D:4      | Reached skill level 5 in Fighting
  3010 | D:4      | Reached skill level 6 in Axes
  3010 | D:4      | Reached skill level 1 in Transmutations
  3010 | D:4      | Reached XP level 7. HP: 39/61 MP: 8/8
  3025 | Temple   | Entered the Ecumenical Temple
  3273 | Temple   | Became a worshipper of Ashenzari the Shackled
  3301 | D:4      | Noticed Ijyb
  3322 | D:4      | Killed Ijyb
  3326 | D:4      | Noticed Robin
  3350 | D:4      | Killed Robin
  3519 | D:4      | Learned a level 4 spell: Petrify
  3650 | D:4      | Identified the +1 ring mail of Yphouh {Harm rPois SInv}
  3732 | D:4      | Found a white marble altar of Elyvilon.
  3739 | D:4      | Found a sparkling altar of Nemelex Xobeh.
  3911 | D:4      | Reached skill level 1 in Evocations
  3976 | D:4      | Reached skill level 1 in Staves
  4191 | D:5      | Entered Level 5 of the Dungeon
  4535 | D:5      | Noticed a two-headed ogre
  4564 | D:5      | Slain by a two-headed ogre

Illustrated notes

Levels and vault maps discovered:
D:1:      dpeg_arrival_rhombi, layout_loops_ring
D:2:      minmay_evil_eye, layout_basic
D:3:      layout_basic, kennysheep_vampire_church
D:4:      minmay_octagon_keep, layout_rooms, nicolae_overflow_crystal_walls,
          mainiacjoe_overflow_large_starburst,
          minmay_temple_entry_statues_fountains, nicolae_goblin_pals
D:5:      layout_basic, grunt_decor_resistance, uniq_blork_the_orc
Temple:   eino_narrow_crystal_temple

Skill      XL: |  1  2  3  4  5  6  7 |
---------------+----------------------+-----
Axes           | 3 4 5 6 |  6.2
Fighting       | 4 5 |  5.3
Armour         | 4 |  4.0
Shields        | 4 |  4.0
Earth Magic    | 1 2 3 |  3.2
Spellcasting   | 1 |  1.5
Transmutations | 1 |  1.4
Evocations     | 1 |  1.7
Staves         | 1 |  1.5

Action                     |  1- 3 |  4- 6 |  7- 9 || total
---------------------------+-------+-------+-------++-------
  Melee: War axe           |   100 |   123 |     7 ||   230
         Staff             |       |       |   192 ||   192
 Invoke: Curse Item        |       |       |     1 ||     1
  Evoke: Wand              |       |       |    19 ||    19
    Use: Scroll            |     2 |     5 |     1 ||     8
         Potion            |       |     2 |       ||     2
   Stab: Paralysed         |       |       |    22 ||    22
         Invisible         |       |       |     2 ||     2
 Armour: Scale mail        |    60 |       |       ||    60
         Chain mail        |    25 |    51 |       ||    76
         Ring mail         |       |    57 |    85 ||   142
  Dodge: Dodged            |    73 |    56 |    83 ||   212
  Block: Buckler           |    36 |    38 |    52 ||   126
